 Dungeon Crawl Stone Soup version 0.20.1-1-g8b1a95d (webtiles) character file.

1362 troglodite the Skirmisher (level 8, -8/93 HPs)
             Began as a Demonspawn Berserker on Dec 19, 2017.
             Was a Priest of Trog.
             Killed by divine providence
             ... invoked by an orc priest
              (10 damage)
             ... on level 6 of the Dungeon.
             The game lasted 00:20:03 (5304 turns).

troglodite the Skirmisher (Demonspawn Berserker)    Turns: 5304, Time: 00:20:05

Health: -8/93      AC:  9    Str: 25    XL:     8   Next: 37%
Magic:  8/8        EV: 10    Int:  9    God:    Trog [***...]
Gold:   333        SH:  5    Dex: 15    Spells: 7/7 levels left

rFire    . . .     SeeInvis .   p - +2 dagger (speed)
rCold    . . .     Gourm    .   m - +0 buckler
rNeg     . . .     Faith    .   v - +0 chain mail
rPois    .         Spirit   .   (no helmet)
rElec    .         Reflect  .   (no cloak)
rCorr    .         Harm     .   (no gloves)
MR       .....                  (no boots)
Stlth    ..........             (no amulet)
Regen    0.3/turn               e - ring of loudness (curse)
MPRegen  0.2/turn               r - +3 ring of strength

@: berserking, very quick
A: talons 1, nightstalker 2
a: Berserk, Trog's Hand, Burn Spellbooks, Renounce Religion


You were on level 6 of the Dungeon.
You worshipped Trog.
Trog was most pleased with you.
You were very hungry.

You visited 1 branch of the dungeon, and saw 6 of its levels.

You collected 333 gold pieces.

Inventory:

Hand Weapons
 a - a +0 falchion
 p - a +2 dagger of speed (weapon)
Armour
 m - a +0 buckler (worn)
 v - a +0 chain mail (worn)
Jewellery
 e - a cursed ring of loudness (left hand)
 r - a +3 ring of strength (right hand)
Scrolls
 d - 3 scrolls of identify {unknown}
 f - a scroll of blinking {unknown}
 k - 4 scrolls of teleportation {unknown}
 o - 3 scrolls of fog {unknown}
 u - a scroll of fear {unknown}
 w - a scroll of noise {unknown}
 x - a scroll of enchant armour {unknown}
 y - a scroll of amnesia {unknown}
 B - 2 scrolls of recharging {unknown}
 C - a scroll of remove curse {unknown}
 D - a scroll of enchant weapon {unknown}
Potions
 h - a potion of heal wounds {unknown}
 i - 2 potions of brilliance {unknown}
 j - 3 potions of curing {unknown}
 l - a potion of cancellation {unknown}
 n - a potion of flight {unknown}
 s - a potion of agility {unknown}
 t - 2 potions of magic {unknown}
 z - a potion of haste {unknown}
 A - a potion of berserk rage {unknown}
Books
 b - a book of Maledictions

   Spells                             Type                      Level
   a - Corona                         Hexes                        1
   b - Ensorcelled Hibernation        Hexes/Ice                    2
   c - Confuse                        Hexes                        3
   d - Tukima's Dance                 Hexes                        3
   e - Dazzling Spray                 Conjuration/Hexes            3
   Trog disapproves of the use of such an item.
Comestibles
 c - 5 bread rations
 g - 3 meat rations
 q - a chunk of flesh


   Skills:
 * Level 5.3 Fighting
 + Level 3.5(4.2) Short Blades
 + Level 3.4(4.2) Long Blades
 * Level 4.6 Armour
 * Level 3.8 Dodging
 * Level 3.4 Stealth
 * Level 2.8 Shields


You had 7 spell levels left.
You didn't know any spells.

Dungeon Overview and Level Annotations

Branches:
Dungeon (6/15)             Temple (0/1) D:6

Altars:
Hepliaklqana
Okawaru


Innate Abilities, Weirdness & Mutations

You have sharp toenails.
You are significantly more attuned to the shadows.


Message History

The jackal is almost dead.
The jackal bites you but does no damage.
The orc priest casts a cantrip, but nothing happens.
You block the giant cockroach zombie's attack.
Unknown command.
You puncture the jackal!
You kill the jackal!
Trog accepts your kill. The jackal closely misses you.
An orc wizard comes into view. It is wielding a dagger of protection.
You closely miss the jackal.
An orc comes into view.
You closely miss the jackal.
The orc shouts!
You claw the jackal.
You kill the jackal!
Trog accepts your kill.
The orc priest calls down the wrath of Beogh upon you.
Beogh smites you!
You die...

############## #
................# ####
................###...
......................
................##....
....)...........##....
oo.o†@(%........##....
o...).Z.........##....
................##....
................##....
................##....
...#............#


You could see an orc priest, an orc wizard, 2 orcs and a giant cockroach zombie.

Vanquished Creatures
  Grinder (D:5)
  A centaur (D:6)
  4 ogres
  A bullfrog (D:6)
  2 scorpions
  5 wights (D:6)
  A howler monkey (D:4)
  2 orc priests (D:4)
  An orc wizard (D:3)
  3 worker ants
  A hound skeleton (D:4)
  2 gnolls (D:3)
  A howler monkey skeleton (D:6)
  3 adders
  An adder skeleton (D:4)
  5 worms
  A dart slug (D:3)
  2 leopard geckos
  8 orcs
  2 giant cockroaches
  8 goblins
  4 hobgoblins
  20 jackals
  2 quokkas
  A ball python (D:1)
  9 bats
  5 frilled lizards
  6 kobolds
  8 rats
110 creatures vanquished.

Notes
Turn   | Place    | Note
-------+----------+-------------------------------------------
     0 | D:1      | troglodite the Demonspawn Berserker began the quest for the Orb.
     0 | D:1      | Reached XP level 1. HP: 18/18 MP: 1/1
   241 | D:1      | Gained mutation: You are slightly more attuned to the shadows. [demonic ancestry]
   241 | D:1      | Reached XP level 2. HP: 23/24 MP: 2/2
  1080 | D:2      | Reached XP level 3. HP: 18/29 MP: 3/3
  1235 | D:2      | Reached ** piety under Trog
  2120 | D:3      | Reached XP level 4. HP: 37/37 MP: 4/4
  2234 | D:3      | Reached skill level 1 in Stealth
  2602 | D:3      | Found an iron altar of Okawaru.
  2627 | D:3      | Reached skill level 4 in Fighting
  2646 | D:3      | Gained mutation: You are significantly more attuned to the shadows. [demonic ancestry]
  2646 | D:3      | Reached XP level 5. HP: 21/42 MP: 5/5
  3044 | D:3      | Reached skill level 1 in Shields
  3112 | D:3      | You fall through a shaft!
  3519 | D:4      | Reached skill level 1 in Short Blades
  3629 | D:4      | Found a hazy altar of Hepliaklqana.
  3646 | D:4      | Reached XP level 6. HP: 48/48 MP: 6/6
  4175 | D:4      | You fall through a shaft!
  4175 | D:5      | Entered Level 5 of the Dungeon
  4732 | D:5      | Reached *** piety under Trog
  4733 | D:5      | Noticed Grinder
  4741 | D:5      | Gained mutation: You have sharp toenails. [demonic ancestry]
  4741 | D:5      | Reached XP level 7. HP: 55/55 MP: 7/7
  4750 | D:5      | Killed Grinder
  5002 | D:6      | Reached skill level 5 in Fighting
  5009 | D:6      | Reached XP level 8. HP: 57/62 MP: 8/8
  5234 | D:6      | Found a staircase to the Ecumenical Temple.
  5299 | D:6      | HP: 1/93 [orc priest/divine providence (10)]
  5304 | D:6      | Killed from afar by an orc priest

Skill      XL: |  1  2  3  4  5  6  7 |
---------------+----------------------+-----
Armour         | 2 3 4 |  4.6
Long Blades    | 3 |  3.4
Dodging        | 2 3 |  3.8
Stealth        | 1 2 3 |  3.4
Fighting       | 4 5 |  5.3
Shields        | 1 2 |  2.8
Short Blades   | 1 2 3 |  3.5

Action                   |  1- 3 |  4- 6 |  7- 9 || total
-------------------------+-------+-------+-------++-------
Melee: Falchion          |   125 |       |       ||   125
       Dagger            |    14 |   252 |    89 ||   355
       Kick              |       |       |    41 ||    41
Invok: Berserk           |     1 |     6 |     2 ||     9
       Trog's Hand       |       |     1 |       ||     1
       Burn Spellbooks   |       |     1 |       ||     1
 Stab: Sleeping          |     3 |     1 |       ||     4
  Eat: Chunk             |     5 |    13 |     2 ||    20
       Royal jelly       |       |       |     1 ||     1
Armor: Animal skin       |    24 |    11 |       ||    35
       Chain mail        |       |    42 |    31 ||    73
Dodge: Dodged            |    93 |    84 |    27 ||   204
Block: Buckler           |    12 |    36 |    15 ||    63
       Rpst.: Falchion   |    24 |       |       ||    24
